 Dungeon Crawl Stone Soup version 0.21-a0-364-gbd1fde4 (webtiles) character file.

18572 vishdafish the Cleaver (level 12, -4/91 HPs)
             Began as a Demonspawn Skald on Oct 14, 2017.
             Was an Elder of Qazlal.
             Slain by a freezing wraith (5 damage)
             ... led by a death knight
             ... on level 12 of the Dungeon.
             The game lasted 00:34:16 (13377 turns).

vishdafish the Cleaver (Demonspawn Skald)          Turns: 13377, Time: 00:34:17

Health: -4/91      AC: 18    Str: 15    XL:     12   Next: 28%
Magic:  0/31       EV: 14    Int: 22    God:    Qazlal [****..]
Gold:   504        SH:  5    Dex: 13    Spells: 18/24 levels left

rFire    + . .     SeeInvis +   a - +8 mithril axe "Arga" {speed, MR+}
rCold    + + .     Gourm    .   (no shield)
rNeg     . . .     Faith    .   o - +2 ring mail {rC+}
rPois    +         Spirit   +   (helmet unavailable)
rElec    +         Reflect  .   (no cloak)
rCorr    +         Harm     .   m - +0 pair of gloves
MR       +....                  L - +2 pair of boots
Stlth    +.........             (no amulet)
HPRegen  0.25/turn              g - ring of magical power
MPRegen  0.22/turn              x - +4 ring of intelligence

@: resistant, slowed, studying Evocations, repel missiles, very slow
A: antennae 3, hooves 1, iridescent scales 3, strong 1, magic shield
a: Upheaval, Elemental Force, Renounce Religion


You were on level 12 of the Dungeon.
You worshipped Qazlal.
Qazlal was greatly pleased with you.
You were not hungry.

You visited 2 branches of the dungeon, and saw 13 of its levels.
You also visited: Labyrinth.

You collected 838 gold pieces.
You spent 334 gold pieces at shops.

Inventory:

Hand Weapons
 a - the +8 mithril axe "Arga" (weapon) {speed, MR+}
   (You found it in a labyrinth)

   Attacks with this weapon are significantly faster.
   It affects your resistance to hostile enchantments.
 h - the +6 flail of Gravity {freeze, +Rage rElec rN+ Str+2 Int-3}
   (You found it on level 6 of the Dungeon)

   It has been specially enchanted to freeze those struck by it, causing extra
   injury to most foes and up to half again as much damage against particularly
   susceptible opponents.
   It can also slow down cold-blooded creatures.
   It affects your strength (+2).
   It affects your intelligence (-3).
   It insulates you from electricity.
   It protects you from negative energy.
   It lets you go berserk.
Missiles
 p - a throwing net (quivered)
 y - 6 curare-tipped needles
Armour
 m - a +0 pair of gloves (worn)
 o - a +2 ring mail of cold resistance (worn)
 L - a +2 pair of boots (worn)
Jewellery
 g - a ring of magical power (left hand)
 r - an uncursed ring of magical power
 w - an uncursed ring of positive energy
 x - a +4 ring of intelligence (right hand)
Wands
 l - a wand of confusion (13/48)
 J - a wand of digging (10/24)
 N - a wand of random effects (28/48)
 R - a wand of flame (7/48)
 V - a wand of acid (6/15)
 W - a wand of acid (5/15)
 X - a wand of scattershot (3/9)
 Y - a wand of scattershot (4/9)
 Z - a wand of lightning (5/15)
Scrolls
 f - 3 scrolls of amnesia
 i - 5 scrolls of remove curse
 n - 5 scrolls of teleportation
 q - 3 scrolls of blinking
 t - a scroll of magic mapping {unknown}
 v - 3 scrolls of fog {unknown}
 A - 2 scrolls of recharging {unknown}
 C - a scroll of noise {unknown}
 D - 2 scrolls of enchant armour {unknown}
 G - a scroll of fear {unknown}
 H - 3 scrolls of enchant weapon {unknown}
 S - a scroll of silence {unknown}
 T - a scroll of brand weapon {unknown}
Potions
 e - a potion of agility
 s - a potion of curing
Books
 c - a book of Battle

   Spells                             Type                      Level
   a - Infusion                       Charms                       1
   b - Shroud of Golubria             Charms/Translocation         2
   c - Song of Slaying                Charms                       2
   d - Spectral Weapon                Hexes/Charms                 3
   e - Regeneration                   Charms/Necromancy            3
 k - a book of Cantrips

   Spells                             Type                      Level
   a - Confusing Touch                Hexes                        1
   b - Animate Skeleton               Necromancy                   1
   c - Summon Small Mammal            Summoning                    1
   d - Apportation                    Translocation                1
 u - a book of Power

   Spells                             Type                      Level
   a - Iskenderun's Battlesphere      Conjuration/Charms           5
   b - Venom Bolt                     Conjuration/Poison           5
   c - Bolt of Magma                  Conjuration/Fire/Earth       5
   d - Iron Shot                      Conjuration/Earth            6
   e - Orb of Destruction             Conjuration                  7
   f - Spellforged Servitor           Conjuration/Summoning        7
 z - a manual of Evocations
 F - a book of Beasts

   Spells                             Type                      Level
   a - Summon Butterflies             Summoning                    1
   b - Call Canine Familiar           Summoning                    3
   c - Summon Ice Beast               Ice/Summoning                4
   d - Summon Mana Viper              Hexes/Summoning              5
   e - Summon Hydra                   Summoning                    7
 Q - a book of Frost

   Spells                             Type                      Level
   a - Freeze                         Ice                          1
   b - Throw Frost                    Conjuration/Ice              2
   c - Ozocubu's Armour               Charms/Ice                   3
   d - Throw Icicle                   Conjuration/Ice              4
   e - Summon Ice Beast               Ice/Summoning                4
Comestibles
 d - 10 bread rations
 j - 10 meat rations
 B - 7 royal jellies


   Skills:
 - Level 7.4 Fighting
 * Level 10.5 Axes
 - Level 4.0 Armour
 + Level 7.5 Dodging
 * Level 6.7 Spellcasting
 - Level 7.0 Charms
 - Level 8.4 Invocations
 - Level 4.1 Evocations


You had 18 spell levels left.
You knew the following spells:

 Your Spells              Type           Power        Failure   Level  Hunger
a - Infusion              Chrm           ####         1%          1    None
b - Song of Slaying       Chrm           #####...     1%          2    None
c - Regeneration          Chrm/Necr      ###.......   11%         3    #......


Dungeon Overview and Level Annotations

Branches:
Dungeon (12/15)            Temple (1/1) D:6            Lair (0/6) D:9
    Orc (0/2) D:9

Altars:
Ashenzari
Elyvilon
Fedhas
Gozag
Hepliaklqana
Nemelex Xobeh
Qazlal
Ru
Trog
Uskayaw
Vehumet
Xom
The Shining One

Shops:
D:6 ![*   D:7 =

Annotations:
D:6 1 runed door


Innate Abilities, Weirdness & Mutations

You have a pair of large antennae on your head. (SInv)
You are completely covered in iridescent scales. (AC +6)
When hurt, damage is shared between your health and your magic reserves.
You have large cloven feet.
Your muscles are strong. (Str +2)


Message History

The freezing wraith is heavily damaged.
The freezing wraith hits you but does no damage.
The freezing wraith hits you.
* * * LOW HITPOINT WARNING * * *
The freezing wraith drains your vigour!
You feel as though you will be slow longer.
You hit the freezing wraith.
The freezing wraith is heavily damaged.
You block the freezing wraith's attack. The freezing wraith misses you.
You barely miss the freezing wraith.
The freezing wraith is heavily damaged.
The freezing wraith hits you.
* * * LOW HITPOINT WARNING * * *
The freezing wraith freezes you. You resist.
* * * LOW HITPOINT WARNING * * *
You block the freezing wraith's attack.
You feel better. The freezing wraith hits you!
* * * LOW HITPOINT WARNING * * *
The freezing wraith freezes you. You resist.
You die...

.....?.......W####
#.#
#.########...W...#
#.# #.#####.# ..#
#.# #.# ### #.#
#.# #.# #.# #.#
#># #.# #W# #. #@#
#.# #..# #.## #.
#. #. #. #.


You could see a freezing wraith.

Vanquished Creatures
  Gastronok (D:12)
  Snorg (D:10)
  A minotaur (Lab)
  Harold (D:10)
  3 two-headed ogres
  A death knight (D:12)
  Pikel (D:4)
  Joseph (D:9)
  2 freezing wraiths (D:12)
  A komodo dragon (D:11)
  2 trolls
  2 hornets (D:10)
  A hippogriff (D:11)
  A spriggan (D:10)
  2 water elementals (D:11)
  6 yaks (D:11)
  A wraith (D:11)
  A hungry ghost (D:7)
  A steam dragon (D:7)
  Menkaure (D:5)
  Edmund (D:6)
  2 soldier ants
  A sky beast (D:11)
  4 black bears
  2 orc warriors
  4 porcupines (D:9)
  3 slaves
  An ice beast (D:6)
  3 phantoms
  5 ogres
  16 centaurs
  9 bullfrogs
  9 scorpions
  A wyvern skeleton (D:10)
  10 killer bees
  A howler monkey (D:10)
  6 electric eels
  8 wights
  3 bullfrog zombies
  5 crimson imps
  3 hounds
  5 jellies
  A quasit (D:6)
  2 centaur zombies
  8 orc priests
  4 bullfrog skeletons
  2 centaur skeletons
  3 iguanas
  13 orc wizards
  8 worker ants
  2 hound zombies
  A hound skeleton (D:9)
  A worker ant zombie (D:6)
  9 adders
  4 gnolls (D:6)
  3 shadow imps
  An ooze (D:2)
  2 adder zombies
  A worm (D:2)
  5 leopard geckos
  44 orcs
  5 bats
  7 giant cockroaches
  4 goblins
  2 hobgoblins
  14 jackals
  3 quokkas
  A ball python (D:2)
  7 frilled lizards
  3 kobolds
  2 quokka skeletons
  A quokka zombie (D:5)
  6 rats
  2 fungi (D:9)
304 creatures vanquished.

Vanquished Creatures (others)
  A slave (D:6)
  A howler monkey skeleton (D:11)
  A giant cockroach (D:2)
  4 fungi (D:9)
  A plant (D:9)
8 creatures vanquished.

Grand Total: 312 creatures vanquished

Notes
Turn   | Place    | Note
-------+----------+-------------------------------------------
     0 | D:1      | vishdafish the Demonspawn Skald began the quest for the Orb.
     0 | D:1      | Reached XP level 1. HP: 16/16 MP: 3/3
   230 | D:1      | Reached skill level 1 in Armour
   297 | D:1      | Reached skill level 2 in Axes
   297 | D:1      | Gained mutation: You have a pair of small antennae on your head. [demonic ancestry]
   297 | D:1      | Reached XP level 2. HP: 20/22 MP: 5/5
   807 | D:2      | Found a white marble altar of Elyvilon.
  1106 | D:2      | Reached XP level 3. HP: 25/27 MP: 6/6
  1723 | D:3      | Gained mutation: When hurt, damage is shared between your health and your magic reserves. [demonic ancestry]
  1723 | D:3      | Reached XP level 4. HP: 31/33 MP: 7/7
  2252 | D:3      | Reached XP level 5. HP: 33/39 MP: 8/8
  2642 | D:4      | Reached skill level 3 in Axes
  2651 | D:4      | Noticed a slave
  2652 | D:4      | Noticed a slave
  2652 | D:4      | Noticed a slave
  2687 | D:3      | Killed a slave
  2894 | D:4      | Killed a slave
  3142 | D:4      | Noticed a slave
  3147 | D:4      | Noticed Pikel
  3207 | D:4      | Killed a slave
  3418 | D:4      | Killed Pikel
  3418 | D:4      | Reached skill level 4 in Axes
  3418 | D:4      | Gained mutation: You are partially covered in iridescent scales. (AC +2) [demonic ancestry]
  3418 | D:4      | Reached XP level 6. HP: 47/47 MP: 10/10
  3418 | D:4      | Gained mutation: You have a pair of antennae on your head. [demonic ancestry]
  3418 | D:4      | Reached XP level 7. HP: 52/52 MP: 11/11
  4139 | D:5      | Entered Level 5 of the Dungeon
  4306 | D:5      | Noticed Menkaure
  4315 | D:5      | Killed Menkaure
  4315 | D:5      | Reached XP level 8. HP: 33/60 MP: 6/12
  4453 | D:5      | Found a blossoming altar of Fedhas.
  4541 | D:5      | Reached skill level 5 in Axes
  5396 | D:6      | Got a crude flail
  5397 | D:6      | Identified the +6 flail of Gravity {freeze, +Rage rElec rN+ Str+2 Int-3} (You found it on level 6 of the Dungeon)
  5464 | D:6      | Reached skill level 6 in Axes
  5473 | D:6      | Found Tighylu's General Store.
  5496 | D:6      | Bought a scroll of blinking for 82 gold pieces
  5504 | D:6      | Found Essuwkor's Armour Boutique.
  5660 | D:6      | Found a runed door.
  5666 | D:6      | Found a runed door.
  5680 | D:6      | Reached skill level 1 in Evocations
  5686 | D:6      | Reached skill level 5 in Fighting
  5686 | D:6      | Gained mutation: You are mostly covered in iridescent scales. (AC +4) [demonic ancestry]
  5686 | D:6      | Reached XP level 9. HP: 68/68 MP: 13/13
  5898 | D:6      | Found a staircase to the Ecumenical Temple.
  5904 | Temple   | Entered the Ecumenical Temple
  5914 | Temple   | Became a worshipper of Qazlal Stormbringer
  5988 | D:6      | Found a radiant altar of Vehumet.
  5988 | D:6      | Noticed Edmund
  6011 | D:6      | Killed Edmund
  6011 | D:6      | Reached skill level 5 in Dodging
  6036 | D:6      | Found Zybraga's Distillery.
  6047 | D:6      | Bought 2 potions of mutation for 192 gold pieces
  6047 | D:6      | Bought a potion of heal wounds for 60 gold pieces
  6047 | D:6      | Gained mutation: You are clumsy. (Dex -2) [potion of mutation]
  6047 | D:6      | Gained mutation: You are resistant to hostile enchantments. (MR+) [potion of mutation]
  6048 | D:6      | Lost mutation: You are clumsy. (Dex -2) [potion of mutation]
  6048 | D:6      | Lost mutation: You are resistant to hostile enchantments. (MR+) [potion of mutation]
  6048 | D:6      | Gained mutation: Your muscles are strong. (Str +2) [potion of mutation]
  6048 | D:6      | Gained mutation: You have large cloven feet. [potion of mutation]
  6386 | D:7      | Reached skill level 7 in Axes
  6522 | D:7      | Reached skill level 5 in Charms
  6534 | D:6      | Reached * piety under Qazlal
  7058 | D:7      | Found Vetwior's Jewellery Shoppe.
  7228 | D:7      | Gained mutation: You have a pair of large antennae on your head. (SInv) [demonic ancestry]
  7228 | D:7      | Reached XP level 10. HP: 70/76 MP: 15/15
  7366 | D:7      | Found a bloodstained altar of Trog.
  7446 | D:8      | Found a transporter.
  7523 | D:8      | Reached ** piety under Qazlal
  7663 | D:8      | Noticed a two-headed ogre
  7673 | D:8      | Killed a two-headed ogre
  7673 | D:8      | Reached skill level 8 in Axes
  7788 | D:8      | Found a glowing golden altar of the Shining One.
  7788 | D:8      | Found a hide-covered altar of Uskayaw.
  7793 | D:8      | Found a faded altar of an unknown god.
  7795 | D:8      | Found a faded altar of an unknown god.
  7797 | D:8      | Found an opulent altar of Gozag.
  7813 | D:8      | Learned a level 2 spell: Song of Slaying
  8022 | D:8      | Found a transporter.
  8421 | D:9      | Found a staircase to the Orcish Mines.
  8471 | D:9      | Noticed a two-headed ogre
  8488 | D:9      | Killed a two-headed ogre
  8488 | D:9      | Reached skill level 5 in Spellcasting
  8536 | D:9      | Found a staircase to the Lair.
  8833 | D:9      | Reached skill level 5 in Invocations
  8904 | D:9      | Noticed Joseph
  8919 | D:9      | Killed Joseph
  9403 | D:10     | Entered Level 10 of the Dungeon
  9436 | D:10     | Reached XP level 11. HP: 83/83 MP: 19/19
  9438 | D:10     | Reached *** piety under Qazlal
  9440 | D:10     | Paralysed by a hornet for 1 turns
  9921 | D:10     | Paralysed by a hornet for 2 turns
 10366 | D:10     | Noticed Snorg
 10371 | D:10     | Reached skill level 9 in Axes
 10376 | D:10     | Noticed Harold
 10429 | D:10     | Killed Snorg
 10442 | D:10     | Killed Harold
 10991 | D:10     | Reached **** piety under Qazlal
 11361 | D:11     | Found a labyrinth entrance.
 11377 | Lab      | Entered a labyrinth
 11854 | Lab      | Noticed a minotaur
 11869 | Lab      | Killed a minotaur
 11996 | Lab      | Found the +8 mithril axe "Arga" {speed, MR+}
 12008 | Lab      | Noticed tidbits's ghost (journeyman GnNe)
 12336 | D:11     | Noticed a two-headed ogre
 12349 | D:11     | Killed a two-headed ogre
 12463 | D:11     | Learned a level 3 spell: Regeneration
 13100 | D:12     | Reached skill level 10 in Axes
 13107 | D:12     | Gained mutation: You are completely covered in iridescent scales. (AC +6) [demonic ancestry]
 13107 | D:12     | Reached XP level 12. HP: 85/91 MP: 20/20
 13159 | D:12     | Noticed Gastronok
 13176 | D:12     | Killed Gastronok
 13269 | D:12     | Identified a scroll of acquirement
 13273 | D:12     | Got a crude shield
 13279 | D:12     | Identified the +0 shield of the Princess {rPois rF- Dex+2} (You acquired it on level 12 of the Dungeon)
 13304 | D:12     | Noticed a death knight
 13344 | D:12     | Killed a death knight
 13358 | D:12     | HP: 4/91 [freezing wraith[a death knight] (4)]
 13358 | D:12     | HP: 1/91 [freezing wraith[a death knight] (3)]
 13365 | D:12     | HP: 4/91 [freezing wraith[a death knight] (6)]
 13376 | D:12     | HP: 4/91 [freezing wraith[a death knight] (5)]
 13376 | D:12     | HP: 1/91 [freezing wraith[a death knight] (3)]
 13377 | D:12     | Slain by a freezing wraith

Vault maps used:
D:1:      dpeg_arrival_pond, serial_glass, glass_columns_a, glass_columns_b
D:2:      elyvilon_altar_4
D:3:      first_bread, minivault_26, minmay_misc_feat_five
D:4:      lemuel_upstairs_altar, hangedman_decor_points, uniq_pikel
D:5:      fedhas_altar_2, uniq_menkaure
D:6:      lemuel_insect_pit, temple_doors_e, serial_park, serial_park_gazebo,
          serial_park_square1, serial_park_tiny_pond, serial_shops,
          nicolae_shop_behind_doors, shop_fountains, shop, serial_bayou_pond_c,
          uniq_edmund
D:7:      lemuel_coloured_pillars_altar, serial_shops, shop
D:8:      gammafunk_steamed_eel, chequers_temple_overflow_minitemple
D:9:      due_lair_maze_entry_diamond, uniq_joseph
D:10:     nrook_loot_triangle, the_bakery, uniq_harold, uniq_snorg
D:11:     lab_entry_generic
D:12:     uniq_gastronok
Temple:   eino_temple_rhombus
Lab:      nicolae_lab_stuck, nicolae_lab_very_dead_end

Skill      XL: |  1  2  3  4  5  6  7  8  9 10 11 12 |
---------------+-------------------------------------+-----
Armour         | 1 2 3 4 |  4.0
Dodging        | 2 3 4 5 6 7 |  7.5
Axes           | 2 4 6 7 8 10 | 10.5
Charms         | 3 4 5 7 |  7.0
Fighting       | 3 5 6 7 |  7.4
Spellcasting   | 3 5 6 |  6.7
Evocations     | 1 4 |  4.1
Invocations    | 5 8 |  8.4

Action                   |  1- 3 |  4- 6 |  7- 9 | 10-12 || total
-------------------------+-------+-------+-------+-------++-------
Melee: Hand axe          |    88 |   198 |   186 |       ||   472
       Flail             |       |       |   283 |    62 ||   345
       War axe           |       |       |    13 |   355 ||   368
       Broad axe         |       |       |       |   197 ||   197
Throw: Throwing net      |       |       |       |     1 ||     1
 Cast: Infusion          |     7 |     8 |    11 |       ||    26
       Regeneration      |       |       |       |     5 ||     5
Evoke: Wand              |       |       |       |    11 ||    11
  Use: Potion            |       |     2 |     7 |    17 ||    26
       Scroll            |       |       |     7 |     5 ||    12
 Stab: Invisible         |       |       |     7 |       ||     7
  Eat: Chunk             |     2 |     5 |     9 |    11 ||    27
       Bread ration      |       |       |     2 |     2 ||     4
Armor: Leather armour    |    12 |       |       |       ||    12
       Ring mail         |    29 |    70 |   227 |   229 ||   555
       Skin              |       |       |    51 |    10 ||    61
Dodge: Dodged            |    62 |   123 |   330 |   399 ||   914
       Deflected         |       |       |       |     8 ||     8
Block: Other             |       |       |     5 |   124 ||   129

Table legend:
 A = Spawn XP
 B = Non-spawn XP
 C = Spawn XP percentage of total XP
 D = Spawn monster count
 E = Non-spawn monster count
 F = Spawn count percentage of total count
 G = Total turns spent on level
                    A         B        C        D         E        F      G
               +---------+---------+-------+---------+---------+-------+---------
         Total |       0 |   26532 |   0.0 |       0 |     300 |   0.0 | 13377
               +---------+---------+-------+---------+---------+-------+---------
           D:1 |       0 |      16 |   0.0 |       0 |      11 |   0.0 |   770
           D:2 |       0 |      69 |   0.0 |       0 |      16 |   0.0 |   873
           D:3 |       0 |     117 |   0.0 |       0 |      28 |   0.0 |  1350
           D:4 |       0 |    1019 |   0.0 |       0 |      14 |   0.0 |  1146
           D:5 |       0 |     721 |   0.0 |       0 |      17 |   0.0 |  1088
           D:6 |       0 |    2333 |   0.0 |       0 |      59 |   0.0 |  1397
           D:7 |       0 |    1621 |   0.0 |       0 |      25 |   0.0 |   790
           D:8 |       0 |    1710 |   0.0 |       0 |      19 |   0.0 |   923
           D:9 |       0 |    3198 |   0.0 |       0 |      26 |   0.0 |  1740
          D:10 |       0 |    4443 |   0.0 |       0 |      39 |   0.0 |  1135
          D:11 |       0 |    4850 |   0.0 |       0 |      24 |   0.0 |  1188
          D:12 |       0 |    5350 |   0.0 |       0 |      21 |   0.0 |   295
           Lab |       0 |    1085 |   0.0 |       0 |       1 |   0.0 |   661
               +---------+---------+-------+---------+---------+-------+---------
